 Dungeon Crawl Stone Soup version 0.29-a0-323-g050149af67 (webtiles) character file.

Game seed: 2711492779122264428

711 Alarak the Skirmisher (level 7, 0/66 HPs)
             Began as a Hill Orc Monk on Apr 11, 2022.
             Was a Believer of Beogh.
             Killed by nerve-wracking pain
             ... invoked by an orc priest
              (7 damage)
             ... on level 5 of the Dungeon.
             The game lasted 00:08:05 (5604 turns).

Alarak the Skirmisher (Hill Orc Monk)               Turns: 5604, Time: 00:08:07

Health: 0/66       AC: 12    Str: 16    XL:     7   Next: 68%
Magic:  7/7        EV:  7    Int: 10    God:    Beogh [**....]
Gold:   256        SH:  0    Dex: 13    Spells: 6/6 levels left

rFire   . . .      SeeInvis .   r - +2 long sword (vorpal)
rCold   . . .      Faith    .   (no shield)
rNeg    . . .      Spirit   .   s - +0 chain mail
rPois   .          Reflect  .   e - +1 hat
rElec   .          Harm     .   (no cloak)
rCorr   .          Rampage  .   (no gloves)
Will    .....                   j - +0 pair of boots
Stlth   ..........              (no amulet)
HPRegen 0.21/turn               (no ring)
MPRegen 0.10/turn               (no ring)

@: no status effects
A: no striking features
a: Renounce Religion, Smiting


You were on level 5 of the Dungeon.
You worshipped Beogh.
Beogh was pleased with you.
You visited 1 branch of the dungeon, and saw 5 of its levels.

You collected 256 gold pieces.

Inventory:

Hand Weapons
 a - a +0 hand axe of venom
 r - a +2 vorpal long sword (weapon)
Armour
 b - a +0 robe
 e - a +1 hat (worn)
 j - a +0 pair of boots (worn)
 k - a +0 ring mail
 s - a +0 chain mail (worn)
Wands
 n - a wand of polymorph (3)
Scrolls
 d - 4 scrolls of magic mapping
 f - 3 scrolls of identify
 m - a scroll of fog {unknown}
 o - 7 scrolls of amnesia
 p - a scroll of holy word {unknown}
Potions
 c - 2 potions of ambrosia
 g - a potion of curing
 h - a potion of cancellation
 i - a potion of flight
 l - a potion of magic
 q - a potion of brilliance


   Skills:
 + Level 7.2 Fighting
 - Level 6.6 Axes
 - Level 5.1 Armour
 - Level 2.4 Dodging
 - Level 1.5 Stealth


You had 6 spell levels left.
You didn't know any spells.
Your spell library was empty.

Dungeon Overview and Level Annotations

Branches:
Dungeon (5/15)             Temple (0/1) D:4

Altars:

Shops:
D:3 ?


Message History

The orc priest hits the scorpion with a +0 hand axe.
The orc priest hits the orc but does no damage.
The orc priest looks braver for a moment.
The white imp hits you but does no damage.
You hit the orc priest.
The orc priest is moderately wounded.
The orc priest hits the orc with a +0 hand axe!
The orc dies!
The orc priest closely misses the scorpion.
The orc priest barely misses you.
The orc priest looks braver for a moment.
The white imp hits you but does no damage.
The orc priest hits you but does no damage.
The white imp gestures at you.
The puff of frost hits you but does no damage.
You hit the orc priest.
The orc priest is severely wounded.
The orc priest invokes the aid of Beogh against you.
Beogh smites you!
* * * LOW HITPOINT WARNING * * *
The white imp gestures at you. The puff of frost hits you.
* * * LOW HITPOINT WARNING * * *
The orc priest hits you with a +0 mace.
* * * LOW HITPOINT WARNING * * *
The orc priest attacks as you move away!
The orc priest hits you but does no damage.
The white imp attacks as you move away!
The white imp hits you but does no damage.
The orc priest misses the scorpion.
The orc priest hits the orc priest but does no damage.
Okay, then.
You feel better. The white imp gestures at you. The puff of frost hits you!
* * * LOW HITPOINT WARNING * * *
The orc priest mumbles some strange prayers to Beogh against you.
Pain shoots through your body!
You die...
Beogh appreciates the orc priest's killing of a heretic priest.

#.......# #..
#.......# #.. .
#.......###... ..
#<......>..... ..
#...[...###.... ....
#.......# #....###
..# ####.####
#..$?..##)##..#
#..## ###.5oo...#
##..# ###..@#.######
##.# #.......o....#
#.### #.#..........#
#...###.#..........#
###.#.....##.#######
##..........##..
##....##.####...#
#.................#
#..####....##.>####


You could see 2 orc priests, a white imp and a neutral orc priest (wandering).

Vanquished Creatures
  An ice beast (D:5)
  A phantom (D:5)
  3 scorpions
  2 howler monkeys (D:4)
  A jelly (D:5)
  2 orc wizards (D:4)
  A scorpion zombie (D:3)
  A hound zombie (D:3)
  A hound skeleton (D:3)
  A howler monkey skeleton (D:3)
  4 adders
  A shadow imp (D:5)
  An adder zombie (D:3)
  A worm (D:3)
  4 dart slugs
  15 orcs (D:4)
  8 bats
  9 endoplasms
  A giant cockroach (D:3)
  11 goblins
  5 hobgoblins
  A jackal (D:1)
  2 kobolds
  6 quokkas
  9 ball pythons
  A ball python skeleton (D:3)
  2 ball python zombies (D:3)
  5 frilled lizards (D:1)
  A giant cockroach zombie (D:3)
  A quokka skeleton (D:3)
  3 rats
105 creatures vanquished.

Vanquished Creatures (others)
  An orc (D:5)
1 creature vanquished.

Grand Total: 106 creatures vanquished

Notes
Turn   | Place    | Note
-------+----------+-------------------------------------------
     0 | D:1      | Alarak the Hill Orc Monk began the quest for the Orb.
     0 | D:1      | Reached XP level 1. HP: 19/19 MP: 1/1
   209 | D:1      | Reached XP level 2. HP: 13/26 MP: 2/2
   440 | D:1      | Reached skill level 5 in Axes
   938 | D:1      | Reached XP level 3. HP: 31/31 MP: 3/3
  1561 | D:2      | Found a faded altar of an unknown god.
  1967 | D:2      | Reached XP level 4. HP: 33/39 MP: 4/4
  2777 | D:3      | Reached skill level 1 in Armour
  3029 | D:3      | Noticed a scorpion
  3037 | D:3      | Killed a scorpion
  3038 | D:3      | Reached skill level 4 in Fighting
  3038 | D:3      | Reached XP level 5. HP: 7/46 MP: 5/5
  3044 | D:3      | HP: 2/46 [poisoned by a scorpion]
  3650 | D:3      | Reached XP level 6. HP: 52/53 MP: 6/6
  3863 | D:3      | Found Qeosun's Magic Scroll Shoppe.
  4580 | D:4      | Found a staircase to the Ecumenical Temple.
  4786 | D:4      | Reached skill level 5 in Fighting
  5383 | D:4      | Reached skill level 5 in Armour
  5383 | D:4      | Reached XP level 7. HP: 61/61 MP: 7/7
  5494 | D:5      | Entered Level 5 of the Dungeon
  5506 | D:5      | Reached skill level 6 in Fighting
  5541 | D:5      | Reached skill level 7 in Fighting
  5594 | D:5      | Became a worshipper of Beogh the Brigand
  5594 | D:5      | Reached * piety under Beogh
  5594 | D:5      | Reached ** piety under Beogh
  5604 | D:5      | Killed from afar by an orc priest

Illustrated notes

Levels and vault maps discovered:
D:1:      lightli_arrival_windingriver, layout_loops_cross,
          minmay_splitting_lines, dreamdust_wishing_well,
          hangedman_decor_diamond_cutter, chequers_serial_rivers_small_a,
          st_stairs_6, minmay_distorted
D:2:      layout_loops_cross, serial_rivers, chequers_serial_rivers_small_3,
          chequers_serial_rivers_marsh, chequers_serial_rivers_micro_c,
          chequers_serial_rivers_small_3, ebering_ecumenical_altar_rust,
          minmay_split_cup_large
D:3:      layout_loops_ring, serial_undead, serial_undead_d, serial_undead_f,
          serial_undead_c, serial_undead_a, serial_undead_e, serial_shops,
          shop_fountains
D:4:      layout_gridville, minmay_temple_entry_overgrown
D:5:      layout_rooms, nicolae_yredelemnul_corpse_copse

Skill      XL: |  1  2  3  4  5  6  7 |
---------------+----------------------+-----
Axes           | 5 6 |  6.6
Armour         | 2 3 5 |  5.1
Fighting       | 4 5 7 |  7.2
Dodging        | |  2.4
Stealth        | |  1.5

Action                   |  1- 3 |  4- 6 |  7- 9 || total
-------------------------+-------+-------+-------++-------
Melee: Hand axe          |   103 |    29 |       ||   132
       Long sword        |       |   164 |    31 ||   195
       Punch             |       |     1 |       ||     1
Invok: Convert to Beogh  |       |       |     1 ||     1
  Use: Scroll            |       |    12 |       ||    12
       Potion            |       |     2 |     1 ||     3
 Stab: Sleeping          |     4 |     2 |       ||     6
Armor: Robe              |     8 |       |       ||     8
       Ring mail         |    10 |    10 |       ||    20
       Chain mail        |       |   172 |    33 ||   205
Dodge: Dodged            |    81 |   123 |    10 ||   214

Table legend: (Time is in decaauts)
 A = Elapsed time spent in this place.
 B = Non-inter-level travel time spent in this place.
 C = Inter-level travel time spent in this place.
 D = Time resting spent in this place.
 E = Time spent auto-exploring this place.
 F = Levels seen in this place.
 G = Mean time per level.
                   A        B        C        D        E       F      G
               +--------+--------+--------+--------+--------+-----+--------+
         Total |   5722 |   5317 |    405 |   1499 |   3006 |   5 | 1144.4 |
       Dungeon |   5722 |   5317 |    405 |   1499 |   3006 |   5 | 1144.4 |
               +--------+--------+--------+--------+--------+-----+--------+

Top non-repeatable levels by time:
     D:1: 1570 daAuts
     D:4: 1417 daAuts
     D:3: 1373 daAuts
     D:2: 1238 daAuts
     D:5: 122 daAuts
